 Dungeon Sprint DCSS version 0.31-a0-743-g45f7035092 (webtiles) character file.

Game seed: 3649380321716804674

290 rocky1 the Nimble (level 6, -6/49 HPs)
             Began as a Djinni Gladiator on Sept 13, 2023.
             Was an Initiate of Gozag.
             Mangled by a wraith (11 damage)
             ... in the Dungeon (Sprint IX: "|||||||||||||||||||||||||||||").
             The game lasted 00:01:06 (362 turns).

rocky1 the Nimble (Djinni Gladiator)                 Turns: 362, Time: 00:01:06

Health: -6/49      AC: 11    Str: 13    XL:     6   Next: 58%
Gold:   0          EV:  9    Int: 10    God:    Gozag SH:  0 Dex: 16

rFire   + + .        p - +2 scimitar (holy)
rCold   x . .        (no shield)
rNeg    . . .        o - +1 chain mail
rPois   ∞            c - +0 helmet
rElec   .            (no cloak)
rCorr   .            (no gloves)
SInv    .            (boots unavailable)
Will    .....        (no amulet) Stlth
                     (no ring)
HPRegen 0.28/turn    (no ring)
MPRegen 0.00/turn

%: no teleportation, infuse magic (-7 HP)
@: flying, slowed, very slow
A: sickness immunity, fire resistance 2, cold vulnerability 1, float, innate
caster, HP casting, extra vitality 1
a: Renounce Religion, Potion Petition, Call Merchant, Bribe Branch


You were in the Dungeon.
You worshipped Gozag.
Gozag was noncommittal.
You visited 1 branch

Inventory:

Hand Weapons
 a - a +0 long sword
 p - a +2 scimitar of holy wrath (weapon)
Missiles
 d - 3 throwing nets (quivered)
 e - a javelin
Armour
 b - a +0 leather armour
 c - a +0 helmet (worn)
 o - a +1 chain mail (worn)
Jewellery
 m - a +2 ring of protection
 n - a +2 ring of protection
Wands
 l - a wand of light (10)
Scrolls
 j - 2 scrolls of blinking
Potions
 f - 5 potions of curing
 g - 3 potions of heal wounds
 h - a potion of haste
 i - a potion of berserk rage
 k - a potion of invisibility


   Skills:
 + Level 4.8 Fighting
 + Level 7.8 Long Blades
 + Level 3.3 Throwing
 + Level 3.8 Armour
 + Level 8.4 Dodging


You knew the following spells:

 Your Spells              Type           Power      Damage    Failure   Level
a - Sting                 Tmut/Pois      0%         1d3       100%        1
b - Passwall              Tmut/Erth      0%         N/A       100%        2
Your spell library was empty.


Dungeon Overview and Level Annotations

Branches:
Dungeon (1/1)

Altars:
Cheibriados
Dithmenos
Elyvilon
Fedhas
Gozag
Hepliaklqana
Makhleb
Nemelex Xobeh
Okawaru
Qazlal
Ru
Trog
Uskayaw
Wu Jian
Xom
Yredelemnul
Zin
The Shining One
Jiyva
Lugonu


Innate Abilities, Weirdness & Mutations

You are immune to sickness and miasma.
You are immune to poison.
Your flesh is very heat resistant. (rF++)
You are vulnerable to cold. (rC-)
You float through the air rather than walking.
You learn spells naturally, not from books.
Your magical power is your life essence.
You have superior vitality. (+4 MHP)


Message History

The wraith is heavily damaged.
The gnoll sergeant is no longer distracted by gold.
The wraith hits you. The wraith drains your vigour!
You feel as though you will be slow longer.
The gnoll sergeant is distracted by your dazzling golden aura.
You completely miss the wraith.
The wraith is heavily damaged.
The wraith hits you. The wraith drains your vigour!
You feel as though you will be slow longer.
The wraith hits you.
* * * LOW HITPOINT WARNING * * *
The gnoll sergeant shouts!
You hit the wraith.
The wraith convulses.
The wraith is almost destroyed.
The gnoll sergeant is no longer distracted by gold.
The wraith hits you.
* * * LOW HITPOINT WARNING * * *
The wraith drains your vigour!
You feel as though you will be slow longer.
You closely miss the wraith.
The wraith is severely damaged.
The wraith barely misses you. The wraith hits you but does no damage.
You hit the wraith but do no damage.
The wraith is severely damaged.
The wraith hits you but does no damage.
You barely miss the wraith.
The wraith is severely damaged.
The wraith hits you but does no damage. The wraith barely misses you.
You closely miss the wraith.
The wraith is severely damaged.
The wraith barely misses you.
You closely miss the wraith.
The wraith is severely damaged.
The wraith hits you!
* * * LOW HITPOINT WARNING * * *
The wraith drains your vigour!
You feel as though you will be slow longer.
The wraith hits you!
You die...
Your body crumbles into a pile of gold. ▓▓▓▓▓▓▓▓▓▓▓▓▓▓▓▓▓▓▓▓▓▓▓▓ _______'!?).[[..@Wygoc.. ▓▓▓▓▓▓▓▓▓▓▓▓▓▓▓▓▓▓▓▓▓▓▓▓

You could see a wraith, an orc warrior, a gnoll sergeant, a centaur and a killer bee.

Vanquished Creatures
  A steam dragon (D)
  A phantom (D)
  2 howler monkeys (D)
  An ufetubus (D)
  A dart slug (D)
  An orc (D)
  An endoplasm (D)
  A giant cockroach (D)
  2 kobolds (D)
11 creatures vanquished.

Notes
Turn   | Place    | Note
-------+----------+-------------------------------------------
     0 | D        | rocky1 the Djinni Gladiator began the quest for the Orb.
     0 | D        | Reached XP level 1. HP: 18/18 MP: 0/0
    13 | D        | Reached skill level 4 in Dodging
    18 | D        | Reached XP level 2. HP: 10/24 MP: 0/0
   178 | D        | Noticed a howler monkey
   178 | D        | Noticed a phantom
   178 | D        | Noticed a howler monkey
   181 | D        | Killed a howler monkey
   182 | D        | Reached skill level 1 in Armour
   182 | D        | Reached skill level 5 in Dodging
   182 | D        | Reached XP level 3. HP: 28/30 MP: 0/0
   182 | D        | Learned a level 1 spell: Sting
   198 | D        | Killed a phantom
   199 | D        | Reached skill level 6 in Dodging
   199 | D        | Reached XP level 4. HP: 23/36 MP: 0/0
   199 | D        | Reached XP level 5. HP: 26/40 MP: 0/0
   199 | D        | Learned a level 2 spell: Passwall
   200 | D        | Reached skill level 7 in Dodging
   269 | D        | Found a snail-covered altar of Cheibriados.
   269 | D        | Found a shadowy altar of Dithmenos.
   269 | D        | Found a white marble altar of Elyvilon.
   269 | D        | Found a blossoming altar of Fedhas.
   269 | D        | Found an opulent altar of Gozag.
   270 | D        | Found a hazy altar of Hepliaklqana.
   271 | D        | Found a viscous altar of Jiyva.
   273 | D        | Found a corrupted altar of Lugonu.
   274 | D        | Found a burning altar of Makhleb.
   275 | D        | Found a sparkling altar of Nemelex Xobeh.
   276 | D        | Found an iron altar of Okawaru.
   277 | D        | Became a worshipper of Gozag Ym Sagoz the Greedy
   278 | D        | Found a stormy altar of Qazlal.
   279 | D        | Found a sacrificial altar of Ru.
   281 | D        | Found a bloodstained altar of Trog.
   282 | D        | Found a hide-covered altar of Uskayaw.
   284 | D        | Found an ornate altar of the Wu Jian Council.
   285 | D        | Found a shimmering altar of Xom.
   286 | D        | Found a basalt altar of Yredelemnul.
   287 | D        | Found a glowing silver altar of Zin.
   288 | D        | Found a glowing golden altar of the Shining One.
   337 | D        | Noticed a steam dragon
   337 | D        | Noticed a wraith
   337 | D        | Noticed an orc warrior
   337 | D        | Noticed a centaur
   349 | D        | Killed a steam dragon
   350 | D        | Reached skill level 8 in Dodging
   350 | D        | Reached XP level 6. HP: 25/49 MP: 0/0
   362 | D        | Mangled by a wraith

Illustrated notes

Levels and vault maps discovered:
D:        linesprint [early_d, line_temple, items_1, d_10, items_2, lair_1,
          lair_end, items_3, orc_1, orc_end, items_4, d_15, swamp_1, shoals_1,
          snake_1, spider_1, d_20, vaults_1, items_5, swamp_end, shoals_end,
          snake_end, spider_end, vaults_end, d_27, items_6, zot_1, zot_end,
          crypt_end, forest_end, elf_end, slime_end, tomb_end, abyss_end,
          pan_hell_end]

Skill      XL: |  1  2  3  4  5 |
---------------+----------------+-----
Long Blades    | 3 4 6 7 |  7.8
Dodging        | 4 5 6 8 |  8.4
Fighting       | 3 4 |  4.8
Throwing       | 2 3 |  3.3
Armour         | 1 2 3 |  3.8

Action                     |  1- 3 |  4- 6 || total
---------------------------+-------+-------++-------
  Melee: Long sword        |    31 |     5 ||    36
         Scimitar          |       |    25 ||    25
 Armour: Leather armour    |    15 |     2 ||    17
         Chain mail        |       |    29 ||    29
  Dodge: Dodged            |    16 |    11 ||    27

Table legend: (Time is in decaauts)
 A = Elapsed time spent in this place.
 B = Non-inter-level travel time spent in this place.
 C = Inter-level travel time spent in this place.
 D = Time resting spent in this place.
 E = Time spent auto-exploring this place.
 F = Levels seen in this place.
 G = Mean time per level.
                   A        B        C        D        E       F      G
               +--------+--------+--------+--------+--------+-----+--------+
         Total |    373 |    373 |      0 |    216 |      0 |   1 |  373.0 |
       Dungeon |    373 |    373 |      0 |    216 |      0 |   1 |  373.0 |
               +--------+--------+--------+--------+--------+-----+--------+

Top non-repeatable levels by time:
       D: 373 daAuts
